 Dungeon Crawl Stone Soup version 0.28.0-53-g5a82cb258f (webtiles) character file.

Game seed: 7317289905706288221

126723 Peloso the Hoplite (level 16, -5/151 HPs)
             Began as a Minotaur Fighter on July 7, 2022.
             Was the Champion of Okawaru.
             Slain by an ogre
             ... wielding a +0 giant club
              (18 damage)
             ... while paralysed by an ogre mage
             ... on level 15 of the Dungeon.
             The game lasted 01:04:19 (25255 turns).

Peloso the Hoplite (Minotaur Fighter)              Turns: 25255, Time: 01:04:20

Health: -5/151     AC: 25    Str: 36    XL:     16   Next: 44%
Magic:  16/16      EV:  2    Int:  5    God:    Okawaru [******]
Gold:   1938       SH:  0    Dex: 13    Spells: 15/15 levels left

rFire   . . .      SeeInvis .   c - +6 double sword (flame)
rCold   . . .      Faith    .   e - +3 kite shield "Omiacw" {rN+ Str+2}
rNeg    + . .      Spirit   .   K - +6 chain mail of the Kettle-Drum {Str+8}
rPois   +          Reflect  +   (helmet restricted)
rElec   .          Harm     .   I - +2 cloak
rCorr   .          Rampage  .   (no gloves)
Will    +....                   y - +0 pair of boots {Fly}
Stlth   ..........              h - amulet "Teubor" {Reflect Fly rPois rF- Regen+ SH+5}
HPRegen 1.15/turn               D - ring of protection from fire
MPRegen 0.15/turn               (no ring)

@: paralysed, flying
A: horns 2, retaliatory headbutt
a: Renounce Religion, Heroism, Finesse, Duel


You were on level 15 of the Dungeon.
You worshipped Okawaru.
Okawaru was exalted by your worship.
You visited 4 branches of the dungeon, and saw 24 of its levels.
You also visited: Gauntlet.

You collected 2095 gold pieces.
You spent 157 gold pieces at shops.

Inventory:

Hand Weapons
 a - a +4 long sword of electrocution
 b - a +4 scimitar of flaming
 c - a +6 double sword of flaming (weapon)
Armour
 e - the +3 kite shield "Omiacw" (worn) {rN+ Str+2}
   (Okawaru gifted it to you on level 3 of the Lair of Beasts)

   Str:       It affects your strength (+2).
   rN:        It protects you from negative energy.
 s - the +2 plate armour of Plasticity {Regen+ Dex+6 SInv}
   (Okawaru gifted it to you on level 15 of the Dungeon)

   Dex:       It affects your dexterity (+6).
   SInv:      It lets you see invisible.
   Regen:     It increases your rate of health regeneration.
 y - a +0 pair of boots of flying (worn)
 z - a +2 plate armour of fire resistance
 I - a +2 cloak (worn)
 K - the +6 chain mail of the Kettle-Drum (worn) {Str+8}
   (You found it on level 10 of the Dungeon)

   Str:       It affects your strength (+8).
Jewellery
 h - the amulet "Teubor" (around neck) {Reflect Fly rPois rF- Regen+ SH+5}
   (You took it off a centaur on level 10 of the Dungeon)

   [amulet of reflection]

   It reflects blocked missile attacks.
   rF:        It makes you vulnerable to fire.
   rPois:     It protects you from poison.
   Fly:       It grants you flight.
   Regen:     It increases your rate of health regeneration.
   SH:        It affects your SH (+5).
 k - a ring of willpower
 o - the ring "Hidghaoxy" {rPois rN+}
   (You found it in a Gauntlet)

   [ring of poison resistance]

   rPois:     It protects you from poison.
   rN:        It protects you from negative energy.
 p - an amulet of magic regeneration
 D - a ring of protection from fire (left hand)
 M - a +6 ring of strength
 S - a ring of ice
 T - a ring of resist corrosion
Wands
 l - a wand of polymorph (4)
 G - a wand of digging (2)
Scrolls
 f - 3 scrolls of noise
 i - a scroll of amnesia
 j - 3 scrolls of identify
 m - a scroll of enchant armour
 q - a scroll of blinking
 t - a scroll of acquirement
 u - 5 scrolls of immolation
 w - 6 scrolls of teleportation
 B - 6 scrolls of fear
 W - a scroll of magic mapping
Potions
 d - 9 potions of might
 g - 10 potions of heal wounds
 n - a potion of resistance
 r - 12 potions of curing
 C - a potion of berserk rage
 U - a potion of invisibility


   Skills:
 + Level 15.9 Fighting
 + Level 17.4 Long Blades
 + Level 15.5 Armour
 + Level 6.7 Dodging
 + Level 2.2 Stealth
 + Level 21.2 Shields
 + Level 2.2 Invocations
 + Level 0.8 Evocations


You had 15 spell levels left.
You didn't know any spells.
Your spell library contained the following spells:

 Spells                   Type           Power      Damage    Failure   Level
 Ensorcelled Hibernation  Hex/Ice        0%         N/A       95%         2
 Conjure Flame            Conj/Fire      0%         6-21      99%         3
 Dazzling Flash           Conj/Hex       0%         N/A       99%         3
 Frozen Ramparts          Ice            0%         1d2       99%         3
 Ignite Poison            Fire/Tmut/Pois 0%         N/A       99%         3
 Spider Form              Tmut/Pois      0%         N/A       99%         3
 Anguish                  Hex/Necr       0%         N/A       100%        4
 Ice Form                 Ice/Tmut       0%         N/A       100%        4
 Iskenderun's Mystic Bla  Conj/Tloc      0%         2d3       100%        4
 Leda's Liquefaction      Hex/Erth       0%         N/A       100%        4
 Sticky Flame             Conj/Fire      0%         2d3       100%        4
 Lee's Rapid Deconstruct  Erth           0%         3d5*      100%        5
 Starburst                Conj/Fire      0%         6d3       100%        6
 Statue Form              Tmut/Erth      0%         N/A       100%        6
 Summon Ice Beast         Ice/Summ       Unusable   N/A       N/A         4

Dungeon Overview and Level Annotations

Branches:
Dungeon (15/15)            Temple (1/1) D:7            Lair (6/6) D:11
  Swamp (0/4) Lair:4       Spider (0/4) Lair:2        Slime (0/5) Lair:5
    Orc (2/2) D:10            Elf (0/3) Orc:2        Vaults (0/5) D:14
Gauntlet (visited)
 Depths: D:15

Altars:
Ashenzari
Cheibriados
Dithmenos
Elyvilon
Fedhas
Gozag
Hepliaklqana
Kikubaaqudgha
Makhleb
Nemelex Xobeh
Okawaru
Qazlal
Ru
Sif Muna
Trog
Uskayaw
Vehumet
Wu Jian
Xom
Yredelemnul
Zin
The Shining One
Beogh
Lugonu

Shops:
D:2 *   Orc:1 :*   Orc:2 [!**

Portals:
Abyss: Lair:6

Annotations:
D:3 3 runed translucent doors, RUZZLEFAZAZZLE's ghost, amateur GnWn
D:12 2 transporters
Lair:2 2 transporters, Kineutet's ghost, journeyman DjTm
Lair:3 Casa
Lair:4 1 runed translucent door, Qawitz's ghost, journeyman GrEE


Innate Abilities, Weirdness & Mutations

You have a pair of horns on your head.
You reflexively headbutt those who attack you in melee.


Message History

The two-headed ogre is lightly wounded.
The two-headed ogre hits you with a +0 giant club.
The two-headed ogre hits you but does no damage.
You slice the two-headed ogre!! You burn the two-headed ogre!
Your headbutt misses the two-headed ogre.
The two-headed ogre is severely wounded.
Unknown command.
You dice the two-headed ogre like an onion!!!
You burn the two-headed ogre.
You kill the two-headed ogre!
Okawaru accepts your kill.
You block the two-headed ogre's attack. x2; The ogre closely misses you.
You furiously retaliate!
You headbutt the ogre! You block the ogre's attack.
Unknown command.
The ogre mage points at you and mumbles some strange words.
You suddenly lose the ability to move!
The ogre hits you but does no damage.
The two-headed ogre hits you but does no damage.
The two-headed ogre hits you with a +0 giant spiked club.
The ogre hits you with a +0 giant spiked club!
The ogre hits you with a +0 giant club!
The ogre mage hits you from afar with a +0 halberd.
The ogre hits you with a +0 giant club.
The two-headed ogre hits you with a +0 giant club!!
The two-headed ogre hits you with a +0 giant spiked club.
The ogre hits you with a +0 giant spiked club.
The ogre mage points at you and mumbles some strange words.
The bolt of magma hits you!!! The ogre hits you but does no damage.
The ogre hits you with a +0 giant club!
* * * LOW HITPOINT WARNING * * *
The two-headed ogre hits you with a +0 giant club!
* * * LOW HITPOINT WARNING * * *
The two-headed ogre hits you with a +0 giant spiked club!
* * * LOW HITPOINT WARNING * * *
The ogre mage mumbles some strange words.
The ogre mage flickers and vanishes!
Deactivating autopickup; reactivate with Ctrl-A.
The ogre hits you with a +0 giant spiked club!
* * * LOW HITPOINT WARNING * * *
The ogre hits you with a +0 giant club!!
You die...

#.# #...#
#.######...#
#..........#
#..........#
###..........#
#............#
#............#
#O........####
#O@O......#
#.O.......#
.{.........#
.............#
................
...............
..#######......
.. .#####


You could see a two-headed ogre and 3 ogres.

Vanquished Creatures
  An orc warlord (Orc:1)
  An ironbound preserver (D:14)
  A minotaur (Gauntlet)
  6 boulder beetles
  9 hydras
  A rakshasa (D:14)
  3 catoblepae
  2 death knights
  8 centaur warriors
  26 two-headed ogres
  5 ogre magi
  Erica (D:11)
  2 tengu warriors (D:14)
  4 thrashing horrors (Lair:6)
  10 death yaks
  A vampire mage (D:15)
  An orc high priest (Orc:2)
  A storm dragon zombie (D:14)
  A fire crab (shapeshifter) (Lair:6)
  A skeletal warrior (D:11)
  An orb spider (Lair:2)
  A necromancer (D:14)
  6 orc knights
  2 deep elf pyromancers (D:14)
  4 oklob plants
  9 cyclopes
  5 manticores
  4 orc sorcerers
  14 ugly things
  A cyclops (shapeshifter) (D:14)
  Joseph (D:10)
  4 black mambas
  10 elephants
  3 torpor snails
  3 smoke demons (Lair:6)
  9 komodo dragons
  2 unseen horrors
  A cane toad (shapeshifter) (D:14)
  2 freezing wraiths
  18 cane toads
  A redback zombie (D:14)
  3 rime drakes
  3 efreet
  An ancient zyme (Lair:6)
  2 tengu conjurers (D:14)
  A polar bear (Lair:3)
  7 trolls
  Prince Ribbit (D:5)
  A raiju (Gauntlet)
  9 dream sheep
  32 blink frogs
  9 slime creatures (D:15)
  3 flying skulls (Gauntlet)
  2 shadows (D:10)
  A yak (shapeshifter) (D:13)
  A ynoxinul (Lair:6)
  A spriggan (shapeshifter) (Lair:6)
  5 wraiths
  2 wyverns
  A chaos spawn (Lair:6)
  6 basilisks
  3 steam dragons
  64 yaks
  Edmund (D:5)
  7 vampire mosquitoes
  A large abomination (Lair:6)
  5 wargs
  2 swamp worms (Lair:4)
  2 acid dragons
  20 water moccasins
  22 orc warriors
  2 sky beasts
  An ice beast (D:7)
  2 black bears (Lair:2)
  31 ogres
  10 centaurs
  6 wolves
  A necrophage (D:5)
  9 small abominations (Lair:6)
  2 kobold brigands
  16 bullfrogs
  2 gnoll sergeants
  A water moccasin zombie (D:7)
  4 scorpions
  2 wyvern skeletons (D:7)
  8 wights
  6 howler monkeys
  4 centaur zombies
  9 hounds
  6 orc priests
  A gnoll shaman (D:4)
  2 jellies
  2 centaur skeletons
  A bullfrog skeleton (D:5)
  4 iguanas
  22 orc wizards
  A hound skeleton (D:5)
  A howler monkey zombie (D:8)
  11 gnolls
  A howler monkey skeleton (D:6)
  9 adders
  2 shadow imps
  4 white imps
  An ufetubus (D:5)
  An adder skeleton (D:4)
  A worm (D:3)
  2 dart slugs
  52 orcs
  5 endoplasms
  2 giant cockroaches
  4 goblins
  5 hobgoblins
  A quokka (D:1)
  3 ball pythons
  7 bats
  3 frilled lizards
  17 kobolds
  6 rats
697 creatures vanquished.

Vanquished Creatures (others)
  An unseen horror (D:11)
  A centaur (D:15)
  12 fungi
  28 plants
  14 withered plants (Gauntlet)
56 creatures vanquished.

Grand Total: 753 creatures vanquished

Notes
Turn   | Place    | Note
-------+----------+-------------------------------------------
     0 | D:1      | Peloso the Minotaur Fighter began the quest for the Orb.
     0 | D:1      | Reached XP level 1. HP: 19/19 MP: 0/0
   293 | D:1      | Reached XP level 2. HP: 25/27 MP: 1/1
   491 | D:1      | Reached skill level 4 in Shields
   624 | D:2      | Found a faded altar of an unknown god.
   884 | D:2      | Found Ranoc's General Store.
   887 | D:2      | Bought a scroll of identify for 26 gold pieces
  1076 | D:3      | Reached XP level 3. HP: 31/33 MP: 2/2
  1174 | D:3      | Reached XP level 4. HP: 40/40 MP: 3/3
  1209 | D:3      | Found a runed translucent gate.
  1209 | D:3      | Found a runed translucent gate.
  1211 | D:3      | Found a runed translucent gate.
  1322 | D:3      | Found an ornate altar of the Wu Jian Council.
  1776 | D:3      | Found a stormy altar of Qazlal.
  1929 | D:3      | Noticed RUZZLEFAZAZZLE's ghost (amateur GnWn)
  2089 | D:4      | Reached XP level 5. HP: 37/47 MP: 4/4
  2603 | D:4      | Reached skill level 1 in Stealth
  3144 | D:5      | Entered Level 5 of the Dungeon
  3151 | D:5      | Reached skill level 5 in Long Blades
  3151 | D:5      | Reached XP level 6. HP: 53/53 MP: 5/5
  3184 | D:4      | Reached skill level 5 in Armour
  3396 | D:5      | Noticed Prince Ribbit
  3414 | D:5      | Killed Prince Ribbit
  3415 | D:5      | Reached skill level 5 in Fighting
  3415 | D:5      | Reached skill level 1 in Dodging
  3415 | D:5      | Reached XP level 7. HP: 27/61 MP: 6/6
  3691 | D:5      | Found a hazy altar of Hepliaklqana.
  3750 | D:5      | Found an ancient bone altar of Kikubaaqudgha.
  3755 | D:5      | Found a white marble altar of Elyvilon.
  3755 | D:5      | Found a hide-covered altar of Uskayaw.
  4145 | D:5      | Reached XP level 8. HP: 51/69 MP: 7/7
  4403 | D:5      | Reached skill level 5 in Shields
  4579 | D:5      | Noticed Edmund
  4606 | D:5      | Killed Edmund
  4985 | D:6      | Reached skill level 6 in Shields
  5095 | D:4      | Reached XP level 9. HP: 15/70 MP: 8/8
  6631 | D:7      | Reached skill level 10 in Long Blades
  6697 | D:7      | Found a glowing golden altar of the Shining One.
  7016 | D:7      | Found a staircase to the Ecumenical Temple.
  7025 | Temple   | Entered the Ecumenical Temple
  7314 | D:7      | Reached skill level 7 in Shields
  8407 | D:8      | Found a blossoming altar of Fedhas.
  8743 | D:8      | Reached XP level 10. HP: 86/86 MP: 9/9
  9125 | D:9      | Found a faded altar of an unknown god.
  9363 | D:9      | Reached skill level 8 in Shields
  9541 | D:9      | Noticed a centaur warrior
  9550 | D:9      | Killed a centaur warrior
  9551 | D:9      | Reached skill level 10 in Armour
 10312 | D:10     | Entered Level 10 of the Dungeon
 10450 | D:10     | Noticed a two-headed ogre
 10464 | D:10     | Killed a two-headed ogre
 10465 | D:10     | Reached skill level 9 in Shields
 10590 | D:10     | Noticed Joseph
 10599 | D:10     | Killed Joseph
 10618 | D:10     | Reached XP level 11. HP: 88/95 MP: 10/10
 10707 | D:10     | Identified the amulet "Teubor" {Reflect Fly rPois rF-
                  | Regen+ SH+5}
 10708 | D:10     | Found a staircase to the Orcish Mines.
 10874 | D:10     | Found an iron altar of Okawaru.
 10898 | D:10     | Became a worshipper of Warmaster Okawaru
 11017 | D:10     | Noticed a centaur warrior
 11035 | D:10     | Killed a centaur warrior
 11042 | D:10     | Reached skill level 10 in Shields
 11055 | D:10     | Reached * piety under Okawaru
 11105 | D:10     | Identified the +6 chain mail of the Kettle-Drum {Str+8}
 11317 | D:11     | Noticed a boulder beetle
 11342 | D:11     | Killed a boulder beetle
 11404 | D:11     | Noticed Erica
 11422 | D:11     | Killed Erica
 11422 | D:11     | Reached ** piety under Okawaru
 11628 | D:11     | Noticed an oklob plant
 11651 | D:11     | Noticed an oklob plant
 11659 | D:11     | Found a staircase to the Lair.
 11777 | D:11     | Reached skill level 11 in Shields
 11782 | D:11     | Noticed a boulder beetle
 12002 | D:11     | Killed an oklob plant
 12014 | D:11     | Killed an oklob plant
 12014 | D:11     | Reached *** piety under Okawaru
 12031 | Lair:1   | Entered Level 1 of the Lair of Beasts
 12033 | Lair:1   | Noticed a seven-headed hydra
 12041 | Lair:1   | Killed a four-headed hydra
 12272 | Lair:1   | Reached **** piety under Okawaru
 12273 | Lair:1   | Reached XP level 12. HP: 105/106 MP: 11/11
 12303 | Lair:1   | Reached skill level 10 in Fighting
 12385 | Lair:1   | Noticed a boulder beetle
 12395 | Lair:1   | Killed a boulder beetle
 12396 | Lair:1   | Reached skill level 12 in Shields
 12637 | Lair:2   | Found a transporter.
 12651 | Lair:2   | Reached ***** piety under Okawaru
 12710 | Lair:2   | Found a transporter.
 12712 | Lair:2   | Noticed Kineutet's ghost (journeyman DjTm)
 12869 | Lair:2   | Found a bloodstained altar of Trog.
 13070 | Lair:2   | Reached skill level 13 in Shields
 13166 | Lair:2   | Found a hole to the Spider Nest.
 13566 | Lair:2   | Received a gift from Okawaru
 13946 | Lair:2   | Identified a scroll of acquirement
 14035 | Lair:3   | Noticed a death yak
 14036 | Lair:3   | Noticed a death yak
 14038 | Lair:3   | Noticed a death yak
 14038 | Lair:3   | Noticed a death yak
 14047 | Lair:3   | Killed a death yak
 14048 | Lair:3   | Reached skill level 1 in Invocations
 14051 | Lair:3   | Killed a death yak
 14059 | Lair:3   | Killed a death yak
 14069 | Lair:3   | Killed a death yak
 14070 | Lair:3   | Reached skill level 14 in Shields
 14149 | Lair:3   | Noticed a five-headed hydra
 14150 | Lair:3   | Reached ****** piety under Okawaru
 14155 | Lair:3   | Identified the +3 kite shield "Omiacw" {rN+ Str+2} (Okawaru
                  | gifted it to you on level 3 of the Lair of Beasts)
 14155 | Lair:3   | Received a gift from Okawaru
 14162 | Lair:3   | Killed a one-headed hydra
 14163 | Lair:3   | Reached XP level 13. HP: 117/117 MP: 12/12
 15255 | D:12     | Reached skill level 15 in Shields
 15320 | D:12     | Found a transporter.
 15320 | D:12     | Found a transporter.
 15918 | Orc:1    | Entered Level 1 of the Orcish Mines
 15920 | Orc:1    | Found Baibb's Book Shop.
 16145 | Orc:1    | Noticed an orc warlord
 16179 | Orc:1    | Killed an orc warlord
 16237 | Orc:1    | Found Iduicen's CLEARANCE SALE!.
 16277 | Orc:1    | Received a gift from Okawaru
 16451 | Orc:2    | Entered Level 2 of the Orcish Mines
 16495 | Orc:2    | Reached skill level 15 in Long Blades
 16555 | Orc:2    | Reached skill level 16 in Shields
 16777 | Orc:2    | Reached XP level 14. HP: 129/129 MP: 14/14
 16907 | Orc:2    | Reached skill level 5 in Dodging
 16912 | Orc:2    | Found Pirack's Assorted Antiques.
 16912 | Orc:2    | Found Veehemn's General Store.
 16915 | Orc:2    | Found Emys Beina's Distillery.
 16915 | Orc:2    | Found Esiusago's Armour Shoppe.
 16920 | Orc:2    | Identified the +1 shortbow "Japhu" {freeze, Int+3 Stlth+}
                  | (Okawaru gifted it to you on level 2 of the Orcish Mines)
 16920 | Orc:2    | Received a gift from Okawaru
 16943 | Orc:1    | Reached skill level 17 in Shields
 17055 | Orc:2    | Bought a golden potion for 26 gold pieces
 17056 | Orc:2    | Bought a potion of berserk rage for 75 gold pieces
 17075 | Orc:2    | Bought a scroll of identify for 30 gold pieces
 17214 | Orc:2    | Paralysed by an orc sorcerer for 5 turns
 17223 | Orc:2    | Paralysed by an orc sorcerer for 3 turns
 17261 | Orc:2    | Found a staircase to the Elven Halls.
 17918 | D:13     | Identified the +2 pair of gloves of Leaves {rPois rN+++
                  | rCorr Int-4} (Okawaru gifted it to you on level 13 of the
                  | Dungeon)
 17918 | D:13     | Received a gift from Okawaru
 17997 | D:13     | Identified the +1 ring mail of Minnaj {rPois rN++ Regen+
                  | Str-2}
 18296 | D:13     | Reached skill level 18 in Shields
 18353 | D:13     | Found a shimmering blue altar of Sif Muna.
 19147 | Lair:4   | Found a runed translucent door.
 19147 | Lair:4   | Found a shimmering altar of Xom.
 19147 | Lair:4   | Noticed Qawitz's ghost (journeyman GrEE)
 19192 | Lair:4   | Reached XP level 15. HP: 121/137 MP: 15/15
 19515 | Lair:4   | Found a staircase to the Swamp.
 19755 | Lair:5   | Found a gate leading to a gauntlet.
 19771 | Gauntlet | Entered a Gauntlet
 19771 | Gauntlet | Found a transporter.
 19771 | Gauntlet | Found a transporter.
 19774 | Gauntlet | Found a transporter.
 19775 | Gauntlet | Found a transporter.
 19775 | Gauntlet | Found a transporter.
 19775 | Gauntlet | Found a transporter.
 19789 | Gauntlet | Found a transporter.
 19793 | Gauntlet | Found a transporter.
 19807 | Gauntlet | Found a transporter.
 19917 | Gauntlet | Found a transporter.
 19921 | Gauntlet | Found a transporter.
 19937 | Gauntlet | Found a transporter.
 20155 | Gauntlet | Received a gift from Okawaru
 20176 | Gauntlet | Identified the ring "Hidghaoxy" {rPois rN+}
 20230 | Gauntlet | Identified the +2 helmet "Fiadybe" {rPois}
 20244 | Gauntlet | Identified the amulet of Vampiric Thralls {Spirit rC+}
 20253 | Gauntlet | Reached skill level 19 in Shields
 20874 | Lair:5   | Found a staircase to the Slime Pits.
 21457 | Lair:6   | Entered Level 6 of the Lair of Beasts
 22855 | Lair:6   | Reached skill level 20 in Shields
 22975 | Lair:6   | Received a gift from Okawaru
 23042 | Lair:6   | Reached skill level 15 in Armour
 23158 | Lair:6   | Found a corrupted altar of Lugonu.
 23159 | Lair:6   | Found a one-way gate to the infinite horrors of the Abyss.
 23167 | Lair:6   | Identified the +1 falchion of Doranoli {vamp, *Slow rElec
                  | Str+2 Dex+3}
 23756 | D:14     | Reached skill level 15 in Fighting
 23948 | D:14     | Found an opulent altar of Gozag.
 24150 | D:14     | Reached XP level 16. HP: 114/149 MP: 16/16
 24158 | D:14     | Received a gift from Okawaru
 24159 | D:14     | Found a gate to the Vaults.
 24692 | D:15     | Entered Level 15 of the Dungeon
 24728 | D:15     | Reached skill level 21 in Shields
 24735 | D:15     | Paralysed by something for 2 turns
 24873 | D:15     | Identified the +2 plate armour of Plasticity {Regen+ Dex+6
                  | SInv} (Okawaru gifted it to you on level 15 of the Dungeon)
 24873 | D:15     | Received a gift from Okawaru
 25252 | D:15     | Paralysed by an ogre mage for 5 turns
 25255 | D:15     | Slain by an ogre

Illustrated notes

Levels and vault maps discovered:
D:1:      dpeg_arrival_leaves_temple_mockup, layout_rooms,
          grunt_decor_mini_mirrors, kennysheep_crisscross, minmay_hedge_maze
D:2:      layout_rooms, serial_shops, nicolae_shop_behind_doors,
          chequers_ecumenical_altar_simple
D:3:      layout_rooms, mainiacjoe_overflow_boulevard,
          mainiacjoe_overflow_brackets, gammafunk_ghost_split,
          kennysheep_generic_room_16
D:4:      layout_basic
D:5:      kennysheep_spiral_hall, layout_basic, lemuel_round_altar,
          chequers_temple_overflow_statue_of_worship, grunt_ministairs_13,
          uniq_edmund, uniq_prince_ribbit1
D:6:      layout_loops_ring, minmay_circle_x
D:7:      layout_loops_corners, tso_metal_star, temple_green
D:8:      layout_loops_corners, mainiacjoe_overflow_tiny_flanked
D:9:      layout_irregular_city, serial_column_ruins, column_ruins_temple_hall,
          column_ruins_grid_3, column_ruins_columns_corner,
          column_ruins_open_small_water, column_ruins_corridor_straight,
          column_ruins_open_small, eino_small_chamber_without_monster,
          kennysheep_generic_room_12
D:10:     layout_big_octagon, okawaru_ov_weapons_minmay, david_orc_2,
          minmay_radiant, uniq_joseph
D:11:     layout_irregular_city, dpeg_oklobed_lair, uniq_erica
D:12:     gammafunk_boulding_lane, layout_long_grid
D:13:     layout_roguey, kennysheep_flooded_box
D:14:     layout_small_grid, skrybe_vaults_entry_preservation,
          grunt_gozag_breadcrumbs
D:15:     gammafunk_enter_depths_forms, layout_irregular_city, nzn_life_drinkers
Temple:   nicolae_temple_figure_eight
Lair:1:   layout_layer_cave, serial_bayou_pond_e, nzn_sisyphean_effort
Lair:2:   layout_regular_city, nicolae_spider_entry_orb_guardian,
          gammafunk_ghost_wrathful_warriors, nzn_random_ring,
          infiniplex_staircase_pool_2, serial_bayou_shore_a,
          serial_bayou_shore_b
Lair:3:   layout_regular_city
Lair:4:   hellmonk_ruined_rings, layout_regular_city, palyth_hydra_swamp_entry,
          ebering_ghost_xom
Lair:5:   layout_cave_pods, minmay_slime_entry_oklob_enclosed,
          gauntlet_entry_generic
Lair:6:   hellmonk_lair_end_abyssal_woods, layout_cave_pods
Orc:1:    layout_diamond_mine, serial_shops, shop, nicolae_shop_clearance
Orc:2:    st_orc_ogre_mass, layout_diamond_mine, basic_altar,
          nicolae_orc_stony_grotto

Skill      XL: |  1  2  3  4  5  6  7  8  9 10 11 12 13 14 15 16 |
---------------+-------------------------------------------------+-----
Shields        | 4 6 7 9 11 14 16 18 20 21 | 21.2
Armour         | 4 5 6 7 9 10 11 12 13 14 15 | 15.5
Fighting       | 4 5 6 7 8 9 11 13 15 | 15.9
Long Blades    | 3 4 5 6 8 9 11 12 14 15 16 17 | 17.4
Stealth        | 1 2 |  2.2
Dodging        | 1 2 3 4 5 6 |  6.7
Invocations    | 1 2 |  2.2
Evocations     | |  0.8

Action                   |  1- 3 |  4- 6 |  7- 9 | 10-12 | 13-15 | 16-18 || total
-------------------------+-------+-------+-------+-------+-------+-------++-------
Melee: Long sword        |    68 |   108 |   305 |   191 |       |       ||   672
       Headbutt          |     9 |    15 |    55 |   131 |   277 |    38 ||   525
       Scimitar          |       |       |       |   261 |   844 |       ||  1105
       Double sword      |       |       |       |       |   359 |   164 ||   523
Invok: Heroism           |       |       |       |     3 |    14 |       ||    17
Evoke: Wand              |       |     3 |       |       |     7 |       ||    10
  Use: Scroll            |     1 |     2 |     1 |    10 |    21 |       ||    35
       Potion            |       |       |     3 |       |       |       ||     3
Armor: Scale mail        |    24 |       |       |       |       |       ||    24
       Chain mail        |    22 |    56 |   180 |   125 |   460 |    52 ||   895
       Plate armour      |       |       |       |    98 |       |       ||    98
Dodge: Dodged            |    23 |    35 |    92 |    90 |   293 |    38 ||   571
Block: Buckler           |    15 |    22 |    55 |       |       |       ||    92
       Kite shield       |       |       |    51 |    54 |  1344 |   153 ||  1602
       Tower shield      |       |       |       |   441 |    22 |       ||   463
       Reflection        |       |       |       |     9 |    35 |    17 ||    61
